 Dungeon Crawl Stone Soup version 0.26.1-11-gd32895ea62 (webtiles) character file.

Game seed: 14475294182991433386

113 Almogavar the Shield-Bearer (level 4, -21/29 HPs)
             Began as a Gargoyle Fighter on Apr 22, 2021.
             Demolished by an ogre
             ... wielding a +0 giant club
              (25 damage)
             ... on level 3 of the Dungeon.
             The game lasted 00:03:57 (1913 turns).

Almogavar the Shield-Bearer (Gargoyle Fighter)      Turns: 1913, Time: 00:03:57

Health: -21/29     AC: 11    Str: 21    XL:     4   Next: 96%
Magic:  4/4        EV:  7    Int:  8    God:
Gold:   43         SH:  9    Dex:  9    Spells: 3/3 levels left

rFire    . . .     SeeInvis .   a - +0 flail
rCold    . . .     Faith    .   c - +0 kite shield
rNeg     + . .     Spirit   .   b - +0 scale mail
rPois    ∞         Reflect  .   k - +0 helmet
rElec    +         Harm     .   (no cloak)
rCorr    .         Rampage  .   (no gloves)
Will     .....                  (no boots)
Stlth    ..........             (no amulet)
HPRegen  0.09/turn              (no ring)
MPRegen  0.09/turn              (no ring)

@: no status effects
A: negative energy resistance 1, electricity resistance, unbreathing,
petrification resistance, miasma immunity, AC +3
a: no special abilities


You were on level 3 of the Dungeon.
You visited 1 branch of the dungeon, and saw 3 of its levels.

You collected 43 gold pieces.

Inventory:

Hand Weapons
 a - a +0 flail (weapon)
Missiles
 e - 51 bolts
Armour
 b - a +0 scale mail (worn)
 c - a +0 kite shield (worn)
 k - a +0 helmet (worn)
Scrolls
 f - 3 scrolls of remove curse
 g - a scroll of blinking {unknown}
 i - a scroll of teleportation {unknown}
 m - a scroll of magic mapping {unknown}
 n - a scroll of fear {unknown}
Potions
 d - 2 potions of might
 h - a potion of flight
 l - a potion of berserk rage {unknown}
 o - a potion of mutation {unknown}
 p - a potion of magic {unknown}
 q - a potion of curing {unknown}


   Skills:
 + Level 3.9 Fighting
 + Level 3.0 Maces & Flails
 + Level 3.9 Armour
 + Level 0.7 Dodging
 + Level 4.2 Shields


You had 3 spell levels left.
You didn't know any spells.
Your spell library was empty.

Dungeon Overview and Level Annotations

Branches:
Dungeon (3/15)

Altars:


Innate Abilities, Weirdness & Mutations

You are resistant to torment.
Your stone body is resilient. (AC +3)
You are immune to poison.
You resist negative energy. (rN+)
You are resistant to electric shocks. (rElec)
You can survive without breathing.
You are immune to petrification.
You are immune to miasma.


Message History

You block the ogre's attack.
You completely miss the ogre.
The ogre is heavily wounded.
The ogre hits you with a +0 giant club!!
Ouch! That really hurt!
* * * LOW HITPOINT WARNING * * *
You thump the ogre!
The ogre is almost dead.
The ogre completely misses you.
You barely miss the ogre.
The ogre is almost dead.
You block the ogre's attack.
Your shield prevents you from hitting the ogre.
The ogre is almost dead.
You block the ogre's attack.
You barely miss the ogre.
The ogre is almost dead.
The ogre hits you with a +0 giant club!!
Ouch! That really hurt!
You die...

#############
#...(.......#
#.....#####.# ## #..##.#
#.# ...
#..##.#####.##### ....
#..##...........+ .....
##..##..####+#####......
....#..>........@O......
..#.###.###...####......
#.#.#...# #...# .....
#.#.#.### ##### #...
#.#.#.# .. #.#.#.# .
#.#.#.# ..#.#.# ..#.#.#


You could see an ogre.

Vanquished Creatures
  Jessica (D:2)
  Robin (D:2)
  2 adders
  An ooze (D:2)
  3 dart slugs
  3 leopard geckos
  8 bats
  A giant cockroach (D:2)
  9 goblins
  7 hobgoblins
  A quokka (D:2)
  A frilled lizard (D:1)
  3 kobolds
  A rat (D:1)
42 creatures vanquished.

Notes
Turn   | Place    | Note
-------+----------+-------------------------------------------
     0 | D:1      | Almogavar the Gargoyle Fighter began the quest for the Orb.
     0 | D:1      | Reached XP level 1. HP: 14/14 MP: 1/1
   130 | D:1      | Reached XP level 2. HP: 18/19 MP: 2/2
   985 | D:2      | Reached XP level 3. HP: 23/23 MP: 3/3
  1017 | D:2      | Noticed Robin
  1270 | D:2      | Killed Robin
  1271 | D:2      | Reached XP level 4. HP: 22/29 MP: 4/4
  1460 | D:2      | Noticed Jessica
  1470 | D:2      | Killed Jessica
  1471 | D:2      | Reached skill level 4 in Shields
  1877 | D:3      | Noticed an ogre
  1913 | D:3      | Demolished by an ogre

Illustrated notes

Levels and vault maps discovered:
D:1:      wander_arrival_fairy_ring, layout_loops_ring
D:2:      layout_rooms, uniq_robin, uniq_jessica
D:3:      layout_basic

Skill      XL: |  1  2  3  4 |
---------------+-------------+-----
Shields        | 4 |  4.2
Maces & Flails | 3 |  3.0
Fighting       | |  3.9
Armour         | |  3.9
Dodging        | |  0.7

Action                   |  1- 3 |  4- 6 || total
-------------------------+-------+-------++-------
Melee: Flail             |   134 |    60 ||   194
  Use: Scroll            |       |     3 ||     3
Armor: Scale mail        |   101 |    18 ||   119
Dodge: Dodged            |    48 |    14 ||    62
Block: Kite shield       |    97 |    32 ||   129
